[ PARTIDA AOE2 · #505435156 ]
UnrankedPortugueses vs Goths
Equipo del jugador · DERR
Equipo rival · VICT
[ ANÁLISIS DE REPETICIÓN · EXTRAÍDO DE LA PARTIDA GRABADA ]
Feudal
10:23
Castillos
23:53
Imperial
—
| APM promedio | 74.7 |
| APM pico | 123 |
| eAPM promedio | 38.2 |
| Aldeanos / militares | 98 / 60 |
Foco
⚔️ 51.4% · 🌾 48.6%
Organ Gun ×28 · Monk ×13 · Archer ×12 · Militia ×4 · Skirmisher ×2 · Mangonel ×1
Feudal
11:12
Castillos
23:55
Imperial
—
| APM promedio | 53.0 |
| APM pico | 82 |
| eAPM promedio | 26.3 |
| Aldeanos / militares | 151 / 82 |
Foco
⚔️ 33.9% · 🌾 66.1%
Scout Cavalry ×28 · Archer ×18 · Skirmisher ×14 · Mangonel ×10 · Militia ×8 · Huskarl ×2
Mapa de la partida
Recursos iniciales + cada clic de construcción. Líneas = muros · curvas = relieve. ◆ oro · ⬟ piedra · ● bayas · ✦ reliquia · ◌ hueco del cierre
Tu base· Abierta — hueco de 10t
Base de pren· Abierta — hueco de 4t
Terreno inicial suavizado · ◌ = hueco del cierre detectado · pasá el cursor para detalles
Inputs por minuto
— 我本善良 - - pren
Build order — 我本善良
Primeras 150 de 293 acciones detectadas
| 0:01 | Encolar | Villager (Male) |
| 0:01 | Encolar | Villager (Male) |
| 0:02 | Construir | House |
| 0:02 | Construir | House |
| 0:17 | Encolar | Villager (Male) |
| 0:17 | Encolar | Villager (Male) |
| 1:20 | Encolar | Villager (Male) |
| 1:43 | Construir | Lumber Camp |
| 1:55 | Encolar | Villager (Male) |
| 1:55 | Encolar | Villager (Male) |
| 2:16 | Encolar | Villager (Male) |
| 2:16 | Encolar | Villager (Male) |
| 2:28 | Encolar | Villager (Male) |
| 2:29 | Encolar | Villager (Male) |
| 3:14 | Encolar | Villager (Male) |
| 3:37 | Encolar | Villager (Male) |
| 3:37 | Encolar | Villager (Male) |
| 3:49 | Encolar | Villager (Male) |
| 4:27 | Encolar | Villager (Male) |
| 4:35 | Investigar | Loom |
| 4:39 | Encolar | Villager (Male) |
| 4:42 | Construir | Mill |
| 4:54 | Construir | House |
| 5:17 | Encolar | Villager (Male) |
| 5:36 | Construir | House |
| 5:38 | Encolar | Villager (Male) |
| 5:51 | Construir | Palisade Wall |
| 6:02 | Encolar | Villager (Male) |
| 6:17 | Encolar | Villager (Male) |
| 6:32 | Construir | House |
| 6:52 | Construir | Palisade Wall |
| 6:53 | Construir | Palisade Wall |
| 6:54 | Construir | Palisade Wall |
| 6:55 | Construir | Palisade Wall |
| 7:13 | Encolar | Villager (Male) |
| 7:24 | Construir | Barracks |
| 7:42 | Encolar | Villager (Male) |
| 8:13 | Investigar | Feudal Age |
| 8:14 | Investigar | Feudal Age |
| 8:15 | Construir | Mining Camp |
| 8:32 | Encolar | Militia |
| 8:33 | Encolar | Militia |
| 8:58 | Encolar | Militia |
| 9:16 | Encolar | Militia |
| 9:23 | Construir | House |
| 9:48 | Encolar | Villager (Male) |
| 9:50 | Construir | House |
| 10:23 | Edad | Edad Feudal |
| 10:24 | Construir | Archery Range |
| 10:28 | Investigar | Man-at-Arms (upgrade) |
| 10:48 | Encolar | Villager (Male) |
| 10:49 | Encolar | Villager (Male) |
| 10:51 | Construir | Mill |
| 11:10 | Encolar | Archer |
| 11:10 | Encolar | Archer |
| 11:27 | Encolar | Villager (Male) |
| 11:33 | Construir | House |
| 11:34 | Encolar | Archer |
| 11:46 | Construir | Farm |
| 11:50 | Construir | Farm |
| 12:04 | Construir | House |
| 12:05 | Encolar | Villager (Male) |
| 12:09 | Encolar | Archer |
| 12:15 | Construir | Palisade Wall |
| 12:16 | Construir | Palisade Wall |
| 12:19 | Construir | Palisade Wall |
| 12:19 | Encolar | Archer |
| 12:20 | Construir | Palisade Wall |
| 12:30 | Construir | Watch Tower |
| 12:37 | Encolar | Villager (Male) |
| 12:55 | Encolar | Villager (Male) |
| 13:13 | Construir | Farm |
| 13:21 | Encolar | Villager (Male) |
| 13:21 | Encolar | Villager (Male) |
| 13:28 | Encolar | Archer |
| 13:44 | Encolar | Archer |
| 14:07 | Encolar | Villager (Male) |
| 14:16 | Construir | Farm |
| 14:21 | Construir | Farm |
| 14:25 | Encolar | Archer |
| 14:25 | Encolar | Villager (Male) |
| 14:36 | Construir | Farm |
| 14:46 | Construir | Palisade Wall |
| 14:48 | Construir | Palisade Wall |
| 14:49 | Construir | Palisade Wall |
| 14:53 | Construir | Palisade Wall |
| 14:56 | Construir | Palisade Wall |
| 14:57 | Construir | Palisade Wall |
| 15:04 | Encolar | Villager (Male) |
| 15:15 | Encolar | Villager (Male) |
| 15:17 | Encolar | Archer |
| 15:28 | Construir | House |
| 15:30 | Construir | Farm |
| 15:38 | Encolar | Villager (Male) |
| 15:45 | Construir | Mining Camp |
| 15:47 | Construir | House |
| 15:47 | Construir | House |
| 16:10 | Encolar | Archer |
| 16:10 | Encolar | Villager (Male) |
| 16:31 | Construir | Blacksmith |
| 16:42 | Encolar | Villager (Male) |
| 16:49 | Construir | Farm |
| 16:55 | Encolar | Archer |
| 17:03 | Construir | Palisade Wall |
| 17:04 | Construir | Palisade Wall |
| 17:04 | Construir | Palisade Wall |
| 17:19 | Encolar | Villager (Male) |
| 17:20 | Investigar | Fletching |
| 17:20 | Investigar | Fletching |
| 17:24 | Construir | Farm |
| 17:32 | Encolar | Archer |
| 17:57 | Encolar | Villager (Male) |
| 18:06 | Construir | Farm |
| 18:14 | Construir | Watch Tower |
| 18:19 | Construir | Palisade Wall |
| 18:19 | Construir | Palisade Wall |
| 18:20 | Construir | Palisade Wall |
| 18:21 | Encolar | Skirmisher |
| 18:24 | Encolar | Villager (Male) |
| 18:29 | Construir | House |
| 18:43 | Encolar | Skirmisher |
| 18:44 | Encolar | Villager (Male) |
| 18:52 | Construir | Farm |
| 19:12 | Encolar | Villager (Male) |
| 19:14 | Construir | Farm |
| 19:28 | Investigar | Double-Bit Axe |
| 19:31 | Encolar | Villager (Male) |
| 19:44 | Construir | House |
| 19:47 | Construir | House |
| 19:56 | Encolar | Villager (Male) |
| 20:04 | Construir | House |
| 20:06 | Construir | House |
| 20:13 | Construir | House |
| 20:29 | Construir | House |
| 20:33 | Encolar | Villager (Male) |
| 20:41 | Construir | Market |
| 20:46 | Encolar | Villager (Male) |
| 21:13 | Investigar | Castle Age |
| 21:14 | Investigar | Castle Age |
| 21:16 | Construir | Mining Camp |
| 21:38 | Construir | Farm |
| 21:39 | Investigar | Double-Bit Axe |
| 21:44 | Construir | Farm |
| 22:04 | Encolar | Villager (Male) |
| 22:12 | Investigar | Horse Collar |
| 22:20 | Construir | House |
| 22:25 | Construir | Palisade Wall |
| 22:35 | Construir | Palisade Wall |
| 22:36 | Construir | Palisade Wall |
| 23:18 | Encolar | Villager (Male) |
Build order — pren
Primeras 150 de 369 acciones detectadas
| 0:01 | Encolar | Villager (Male) ×4 |
| 0:01 | Encolar | Villager (Male) ×4 |
| 0:03 | Construir | House |
| 0:04 | Construir | House |
| 0:32 | Investigar | Loom |
| 0:33 | Encolar | Villager (Male) |
| 0:33 | Encolar | Villager (Male) |
| 1:33 | Encolar | Villager (Male) |
| 1:33 | Encolar | Villager (Male) |
| 1:54 | Encolar | Villager (Male) |
| 2:34 | Encolar | Villager (Male) |
| 2:42 | Encolar | Villager (Male) |
| 2:45 | Construir | Lumber Camp |
| 3:23 | Encolar | Villager (Male) |
| 3:23 | Encolar | Villager (Male) |
| 3:23 | Encolar | Villager (Male) |
| 3:36 | Construir | House |
| 3:51 | Construir | Palisade Wall |
| 4:13 | Construir | Palisade Wall |
| 4:18 | Construir | Palisade Wall |
| 4:19 | Construir | Palisade Wall |
| 4:20 | Construir | Palisade Wall |
| 4:36 | Encolar | Villager (Male) |
| 4:38 | Construir | House |
| 4:47 | Construir | Palisade Wall |
| 4:59 | Encolar | Villager (Male) |
| 5:31 | Encolar | Villager (Male) |
| 5:31 | Encolar | Villager (Male) |
| 5:32 | Encolar | Villager (Male) |
| 5:47 | Construir | Palisade Wall |
| 5:55 | Encolar | Villager (Male) |
| 5:59 | Construir | Palisade Wall |
| 6:16 | Encolar | Villager (Male) |
| 6:38 | Encolar | Villager (Male) |
| 6:40 | Construir | Mill |
| 6:50 | Encolar | Villager (Male) |
| 7:16 | Encolar | Villager (Male) |
| 7:29 | Construir | House |
| 7:45 | Construir | Barracks |
| 8:40 | Construir | Mining Camp |
| 9:02 | Investigar | Feudal Age |
| 9:08 | Construir | House |
| 9:20 | Construir | Farm |
| 9:21 | Encolar | Militia |
| 9:21 | Encolar | Militia |
| 9:35 | Construir | Lumber Camp |
| 9:47 | Encolar | Militia |
| 9:52 | Construir | Farm |
| 10:04 | Construir | House |
| 10:14 | Construir | Palisade Wall |
| 10:25 | Construir | House |
| 10:37 | Construir | Palisade Wall |
| 10:39 | Encolar | Villager (Male) |
| 10:45 | Construir | House |
| 10:49 | Encolar | Militia |
| 11:12 | Edad | Edad Feudal |
| 11:25 | Investigar | Man-at-Arms (upgrade) |
| 11:28 | Construir | Archery Range |
| 11:38 | Encolar | Villager (Male) |
| 11:53 | Encolar | Villager (Male) |
| 11:58 | Construir | Farm |
| 12:23 | Construir | Watch Tower |
| 12:25 | Encolar | Villager (Male) |
| 12:26 | Encolar | Archer |
| 12:26 | Encolar | Archer |
| 12:26 | Encolar | Archer |
| 12:52 | Construir | Archery Range |
| 13:08 | Encolar | Villager (Male) |
| 13:09 | Encolar | Villager (Male) |
| 13:18 | Construir | Farm |
| 13:35 | Encolar | Skirmisher |
| 13:48 | Construir | Palisade Wall |
| 14:07 | Encolar | Villager (Male) |
| 14:09 | Construir | Archery Range |
| 14:16 | Encolar | Skirmisher |
| 14:16 | Encolar | Villager (Male) |
| 14:28 | Encolar | Skirmisher |
| 14:33 | Construir | House |
| 14:46 | Encolar | Skirmisher |
| 14:50 | Encolar | Villager (Male) |
| 15:13 | Encolar | Skirmisher |
| 15:14 | Encolar | Skirmisher |
| 15:16 | Encolar | Villager (Male) |
| 15:21 | Construir | Farm |
| 15:24 | Construir | Farm |
| 15:26 | Construir | Farm |
| 15:34 | Encolar | Archer |
| 15:34 | Encolar | Archer |
| 15:49 | Encolar | Villager (Male) |
| 15:50 | Encolar | Villager (Male) |
| 16:03 | Encolar | Villager (Male) |
| 16:04 | Encolar | Villager (Male) |
| 16:04 | Construir | Blacksmith |
| 16:09 | Encolar | Archer |
| 16:10 | Encolar | Archer |
| 16:21 | Encolar | Villager (Male) |
| 16:24 | Encolar | Archer |
| 16:24 | Encolar | Archer |
| 16:43 | Encolar | Archer |
| 16:43 | Encolar | Archer |
| 16:49 | Investigar | Fletching |
| 17:06 | Encolar | Villager (Male) |
| 17:07 | Encolar | Archer |
| 17:07 | Encolar | Archer |
| 17:19 | Encolar | Villager (Male) |
| 17:37 | Investigar | Padded Archer Armor |
| 18:08 | Encolar | Villager (Male) |
| 18:11 | Construir | Farm |
| 18:12 | Construir | Farm |
| 18:13 | Construir | Farm |
| 18:14 | Encolar | Villager (Male) |
| 18:17 | Construir | Farm |
| 18:17 | Construir | Farm |
| 18:22 | Construir | Farm |
| 18:23 | Construir | Farm |
| 18:32 | Encolar | Archer |
| 18:45 | Construir | House |
| 18:51 | Construir | House |
| 18:53 | Encolar | Villager (Male) |
| 19:17 | Construir | Lumber Camp |
| 19:24 | Construir | Mining Camp |
| 19:27 | Construir | Market |
| 19:29 | Construir | House |
| 19:35 | Encolar | Villager (Male) |
| 20:01 | Encolar | Villager (Male) |
| 20:50 | Encolar | Villager (Male) |
| 21:06 | Construir | Outpost |
| 21:08 | Construir | Outpost |
| 21:09 | Construir | Outpost |
| 21:15 | Investigar | Castle Age |
| 21:27 | Investigar | Double-Bit Axe |
| 21:28 | Investigar | Double-Bit Axe |
| 21:33 | Construir | House |
| 21:39 | Construir | House |
| 21:42 | Encolar | Skirmisher |
| 21:43 | Encolar | Skirmisher |
| 21:52 | Investigar | Horse Collar |
| 22:08 | Encolar | Skirmisher |
| 22:08 | Encolar | Skirmisher |
| 22:26 | Encolar | Militia |
| 22:33 | Construir | House |
| 22:36 | Encolar | Archer |
| 22:36 | Encolar | Archer |
| 22:50 | Encolar | Archer |
| 22:50 | Encolar | Archer |
| 23:17 | Encolar | Villager (Male) |
| 23:17 | Encolar | Villager (Male) |
| 23:21 | Investigar | Gold Mining |
| 23:52 | Encolar | Skirmisher |
| 23:52 | Encolar | Skirmisher |
Cronología de la partida
| 3:51 | pren · wall_segment Palisade Wall x2 |
| 4:13 | pren · wall_segment Palisade Wall x2 |
| 4:18 | pren · wall_segment Palisade Wall x1 |
| 4:19 | pren · wall_segment Palisade Wall x1 |
| 4:20 | pren · wall_segment Palisade Wall x1 |
| 4:47 | pren · wall_segment Palisade Wall x3 |
| 5:47 | pren · wall_segment Palisade Wall x1 |
| 5:51 | 我本善良 · wall_segment Palisade Wall x2 |
| 5:59 | pren · wall_segment Palisade Wall x1 |
| 6:52 | 我本善良 · wall_segment Palisade Wall x1 |
| 6:53 | 我本善良 · wall_segment Palisade Wall x1 |
| 6:54 | 我本善良 · wall_segment Palisade Wall x1 |
| 6:55 | 我本善良 · wall_segment Palisade Wall x1 |
| 7:24 | 我本善良 · first_building Barracks |
| 7:45 | pren · first_building Barracks |
| 10:14 | pren · wall_segment Palisade Wall x4 |
| 10:23 | 我本善良 · age_up feudal |
| 10:24 | 我本善良 · first_building Archery Range |
| 10:37 | pren · wall_segment Palisade Wall x1 |
| 11:12 | pren · age_up feudal |
| 11:28 | pren · first_building Archery Range |
| 12:15 | 我本善良 · wall_segment Palisade Wall x1 |
| 12:16 | 我本善良 · wall_segment Palisade Wall x1 |
| 12:19 | 我本善良 · wall_segment Palisade Wall x1 |
| 12:20 | 我本善良 · wall_segment Palisade Wall x1 |
| 13:48 | pren · wall_segment Palisade Wall x1 |
| 14:46 | 我本善良 · wall_segment Palisade Wall x1 |
| 14:48 | 我本善良 · wall_segment Palisade Wall x1 |
| 14:49 | 我本善良 · wall_segment Palisade Wall x1 |
| 14:53 | 我本善良 · wall_segment Palisade Wall x1 |
| 14:56 | 我本善良 · wall_segment Palisade Wall x1 |
| 14:57 | 我本善良 · wall_segment Palisade Wall x1 |
| 17:03 | 我本善良 · wall_segment Palisade Wall x1 |
| 17:04 | 我本善良 · wall_segment Palisade Wall x4 |
| 17:04 | 我本善良 · wall_segment Palisade Wall x8 |
| 18:19 | 我本善良 · wall_segment Palisade Wall x3 |
| 18:19 | 我本善良 · wall_segment Palisade Wall x3 |
| 18:20 | 我本善良 · wall_segment Palisade Wall x6 |
| 20:48 | pren · first_market_buy 100 food |
| 20:49 | pren · first_market_sell 100 wood |
| 21:11 | 我本善良 · first_market_buy 100 food |
| 22:25 | 我本善良 · wall_segment Palisade Wall x3 |
| 22:35 | 我本善良 · wall_segment Palisade Wall x1 |
| 22:36 | 我本善良 · wall_segment Palisade Wall x1 |
| 23:53 | 我本善良 · age_up castle |
| 23:55 | pren · age_up castle |
| 23:59 | 我本善良 · first_building Castle |
| 24:05 | 我本善良 · first_building Siege Workshop |
| 25:36 | 我本善良 · first_market_sell 100 wood |
| 27:12 | pren · first_building Siege Workshop |
| 27:45 | 我本善良 · first_building Monastery |
| 31:16 | pren · first_building Stable |
| 38:22 | pren · first_building Castle |
| 39:16 | 我本善良 · resign |
[ ANÁLISIS IA · 1 CRÉDITO ]
¿Qué pasó realmente en esta partida?
Wolo.gg analiza cada decisión: build order, eco, micro, errores típicos por bracket. Análisis personalizado por WhatsApp o Discord en 30 segundos.
Guía civ
Portugueses
Perfil
我本善良